Match 43875926
Unlisted
Match 43875926
End
Construct Barracks
Selects Special Operations Battlegroup
Riflemen Squad
Riflemen Squad
Riflemen Squad
Grenade Package
Selects M29 Weasel with M1 Pack Howitzer
M29 Weasel with M1 Pack Howitzer
Mechanized Support Center
M1918 Browning Automatic Rifles
Selects Raiding Flares
Raiding Flares
Construct Motor Pool
Selects SSF Commando Squad
SSF Commando Squad
Raiding Flares
SSF Commando Squad
M24 Chaffee Light Tank
Raiding Flares
SSF Commando Squad
SSF Commando Squad
Construct Medical Station
Selects P-47 Anti-Infantry Loiter
Selects UNKNOWN (2162291)
P-47 Anti-Infantry Loiter
Construct Tank Depot
SSF Commando Squad
Engineer Squad
P-47 Anti-Infantry Loiter
SSF Commando Squad
.30 cal Machine Gun
M4A1 Sherman Whizbang
Raiding Flares
P-47 Anti-Infantry Loiter
.30 cal Machine Gun
Construct Weapon Support Center
.30 cal Machine Gun
SSF Commando Squad
P-47 Anti-Infantry Loiter
Raiding Flares
SSF Commando Squad
SSF Commando Squad
P-47 Anti-Infantry Loiter
M4A1 Sherman Whizbang
Raiding Flares
P-47 Anti-Infantry Loiter
M4A1 Sherman Whizbang
Raiding Flares
Designate Forward Repair Station
P-47 Anti-Infantry Loiter
Raiding Flares
P-47 Anti-Infantry Loiter
Engineer Squad
Engineer Squad
Engineer Squad
Engineer Squad
P-47 Anti-Infantry Loiter
Scout Squad
Scout Squad
M4A1 Sherman Whizbang
M4A1 Sherman Whizbang
P-47 Anti-Infantry Loiter
Raiding Flares
P-47 Anti-Infantry Loiter
Improved M9 Bazooka Rockets
Bazooka Squad
Bazooka Squad
Bazooka Squad
Bazooka Squad
Designate Forward Repair Station
Raiding Flares
Bazooka Squad
Bazooka Squad
Riflemen Squad
Riflemen Squad
Riflemen Squad
P-47 Anti-Infantry Loiter
Raiding Flares
Riflemen Squad
Riflemen Squad
Riflemen Squad
Riflemen Squad
P-47 Anti-Infantry Loiter
SSF Commando Squad
SSF Commando Squad
Serial Chiller
Marelis
DeMarco
easy_dubz21
Xampoo - ♛
Rômiou
LudoRJ
Noryam
0
0
Comments sign in to comment!
No comments posted yet!